 Dungeon Crawl Stone Soup version 0.17-a0-435-gc4df345 (webtiles) character file.

131 Hanyuu the Cudgeler (level 5, -2/33 HPs)
             Began as a Gargoyle Gladiator on Apr 5, 2015.
             Slain by a black bear (6 damage)
             ... on level 3 of the Dungeon.
             The game lasted 00:07:20 (2236 turns).

Hanyuu the Cudgeler (Gargoyle Gladiator)            Turns: 2236, Time: 00:07:21

Health: -2/33      AC: 10    Str: 19    XL:     5   Next: 14%
Magic:  5/5        EV: 12    Int: 14    God:
Gold:   195        SH:  0    Dex: 10    Spells: 0 memorised, 4 levels left

rFire  . . .     SeeInvis .     a - +1 flail
rCold  . . .     Clarity  .     b - +0 leather armour
rNeg   + . .     SustAb   .     (no shield)
rPois  ∞         Gourm    .     c - +0 helmet
rElec  +         Spirit   .     (no cloak)
rCorr  .         Warding  .     o - +0 pair of gloves
rMut   .         Stasis   .     w - +0 pair of boots
MR     .....                    (no amulet)
Stlth  +.........               (no ring)
                                (no ring)

@: brilliant, not resistant to hostile enchantments, very unstealthy
A: negative energy resistance 1, electricity resistance, unbreathing,
petrification resistance, rot immunity, AC +4
a: no special abilities


You were on level 3 of the Dungeon.
You were hungry.

You visited 1 branch of the dungeon, and saw 3 of its levels.

You collected 195 gold pieces.

Inventory:

Hand weapons
 a - a +1 flail (weapon)
 v - a +1 dagger of freezing
Missiles
 l - 5 poisoned needles
Armour
 b - a +0 leather armour (worn)
 c - a +0 helmet (worn)
 o - a +0 pair of gloves (worn)
 w - a +0 pair of boots (worn)
Magical devices
 t - a wand of slowing (29)
 x - a wand of digging (10)
Scrolls
 e - a scroll of noise {unknown}
 h - 2 scrolls of enchant weapon
 i - 3 scrolls of identify {unknown}
 j - 2 scrolls of teleportation {unknown}
 k - a scroll of enchant armour {unknown}
 p - 2 scrolls of remove curse {unknown}
 r - a scroll of recharging {unknown}
Comestibles
 f - 2 bread rations
 q - a royal jelly
 s - 3 fruits
 u - 7 chunks of flesh


   Skills:
 + Level 4.0 Fighting
 * Level 4.6 Maces & Flails
 - Level 2.0 Throwing
 + Level 0.4 Armour
 - Level 2.4 Dodging


You had 4 spell levels left.
You didn't know any spells.

Dungeon Overview and Level Annotations

Branches:
Dungeon (3/15)

Altars:
Elyvilon

Annotations:
D:3 Grinder, Sigmund


Innate Abilities, Weirdness & Mutations

You are resistant to torment.
Your stone body is resilient (AC +4).
You are immune to poison.
You resist negative energy.
You are resistant to electric shocks.
You can survive without breathing.
You are immune to petrification.
You are immune to rotting.


Message History

It was a potion of brilliance.
You feel clever all of a sudden. The black bear closely misses you.
The black bear claws you.
* * * LOW HITPOINT WARNING * * *
The black bear claws you.
* * * LOW HITPOINT WARNING * * *
Drink which item? (? for menu, Esc to quit)
It was a potion of magic.
Magic courses through your body.
The black bear bites you but does no damage.
The black bear claws you but does no damage. x2
The black bear bites you but does no damage.
The black bear closely misses you.
The black bear claws you but does no damage.
Drink which item? (? for menu, Esc to quit)
It was a potion of curing.
You feel better. The black bear bites you.
* * * LOW HITPOINT WARNING * * *
The black bear claws you.
* * * LOW HITPOINT WARNING * * *
The black bear claws you.
You die...

#### . #### #...
..########..##################...
.......................(........#
$.#########....#######(...####..#
. #.##.# ##....##.# #..#
#.##..##..#####.# #..#
#.###.@h..# #.# #..# #.#
####..#####.# #... #.. .
#....#...# #... ### #. #.##...###
#### #####.##.###..# #.
.......#..###..##### #.
..####.....†.......# #.
.........#####.###.###..
...##..#.#####.# .....


You could see a black bear (berserk).

Vanquished Creatures
  Robin (D:2)
  3 adders
  2 worms (D:2)
  4 orcs (D:3)
  4 giant cockroaches
  11 hobgoblins
  4 jackals
  2 quokkas
  3 bats
  2 giant newts
  13 goblins
  10 kobolds
  14 rats
73 creatures vanquished.

Notes
Turn   | Place    | Note
--------------------------------------------------------------
     0 | D:1      | Hanyuu, the Gargoyle Gladiator, began the quest for the Orb.
     0 | D:1      | Reached XP level 1. HP: 12/12 MP: 1/1
   117 | D:1      | Reached XP level 2. HP: 13/18 MP: 2/2
   436 | D:1      | Reached XP level 3. HP: 20/22 MP: 3/3
  1058 | D:2      | Reached skill level 4 in Maces & Flails
  1229 | D:2      | Found a white marble altar of Elyvilon.
  1309 | D:2      | Reached XP level 4. HP: 25/28 MP: 4/4
  1652 | D:2      | Noticed Robin
  1667 | D:2      | Killed Robin
  1873 | D:3      | Noticed Grinder
  1893 | D:3      | Noticed Sigmund
  2072 | D:3      | Reached XP level 5. HP: 30/33 MP: 5/5
  2183 | D:3      | Noticed a black bear
  2234 | D:3      | HP: 1/33 [black bear (3)]
  2236 | D:3      | Slain by a black bear

Action                   |  1- 3 |  4- 6 || total
-------------------------+-------+-------++-------
Melee: Flail             |   127 |   103 ||   230
Throw: Throwing net      |       |     3 ||     3
  Use: Scroll            |     1 |       ||     1
       Potion            |       |     3 ||     3
  Eat: Chunk             |     1 |     3 ||     4
